General information
- name: BNet
- type: Ladder team game (AT/RT)
- host: Battle.net
- saver: rod-is-horible
map: Mur'gulOasis
- players: 8
- length: 44:01
- speed: Fast
- version: 1.26 W3XP
- replay type: Public
» download(224 KB)
Players
team 1 (winner)
NoobMode.xo (
pink | 30 APM | 1235 actions | 40:40)
7 Death Knight
2 Unholy Aura
2 Death Pact
2 Death Coil
1 Animate Dead
6 Dreadlord
3 Vampiric Aura
1 Sleep
1 Carrion Swarm
1 Inferno
» actions
| Assign group hotkey | 6 | |
| Basic commands | 1 | |
| Build / train | 59 | |
| Enter build submenu | 21 | |
| Enter hero's abilities submenu | 13 | |
| Give item / drop item | 7 | |
| Remove unit from queue | 1 | |
| Right click | 651 | |
| Select / deselect | 296 | |
| Select group hotkey | 115 | |
| Use ability | 65 | |
1235 total
» units
| Acolyte | 2 | |
| Ghoul | 13 | |
| Crypt Fiend | 2 | |
| Gargoyle | 4 | |
| Frost Wyrm | 3 | |
24 total
» upgrades
| Unholy Armor | 1 | |
| Unholy Strength | 1 | |
| Cannibalize | 1 | |
| Web | 1 | |
| Burrow | 1 | |
| Creature Attack | 3 | |
| Creature Carapace | 1 | |
| Freezing Breath | 1 | |
10 total
» buildings
| Ziggurat | 9 | |
| Altar of Darkness | 1 | |
| Tomb of Relics | 1 | |
| Crypt | 2 | |
| Graveyard | 1 | |
| Halls of the Dead | 2 | |
| Black Citadel | 1 | |
| Sacrificial Pit | 1 | |
| Boneyard | 3 | |
| Necropolis | 2 | |
23 total
» build order
00:14 Ziggurat
00:18 Altar of Darkness
00:28 Tomb of Relics
01:02 Crypt
01:17 Graveyard
01:33 Ziggurat
02:20 Ziggurat
03:46 Halls of the Dead
03:46 Halls of the Dead
04:03 Crypt
07:24 Black Citadel
07:32 Ziggurat
07:41 Sacrificial Pit
11:49 Boneyard
11:53 Boneyard
11:56 Ziggurat
11:57 Ziggurat
12:03 Boneyard
13:00 Ziggurat
13:01 Ziggurat
14:43 Ziggurat
18:14 Necropolis
19:32 Necropolis
» items
| Scroll of Town Portal | 1 | |
| Orb of Corruption | 2 | |
| Potion of Healing | 2 | |
| Orb of Fire | 2 | |
7 total
rod-is-horible (
teal | 58 APM | 2541 actions | 44:01)
8 Blood Mage
3 Flame Strike
2 Banish
1 Summon Phoenix
2 Siphon Mana
» actions
| Assign group hotkey | 35 | |
| Basic commands | 131 | |
| Build / train | 98 | |
| Enter build submenu | 36 | |
| Enter hero's abilities submenu | 8 | |
| Give item / drop item | 6 | |
| Remove unit from queue | 6 | |
| Right click | 884 | |
| Select / deselect | 310 | |
| Select group hotkey | 897 | |
| Use ability | 129 | |
2541 total
» units
» upgrades
| Masonry | 3 | |
| Lumber Harvesting | 1 | |
| Swords | 3 | |
| Armor | 3 | |
| Storm Hammers | 1 | |
| Cloud | 1 | |
| Animal War Training | 1 | |
13 total
» buildings
| Altar of Kings | 1 | |
| Farm | 13 | |
| Arcane Vault | 2 | |
| Scout Tower | 26 | |
| Arcane Tower | 1 | |
| Lumber Mill | 3 | |
| Guard Tower | 13 | |
| Town Hall | 4 | |
| Keep | 1 | |
| Castle | 1 | |
| Gryphon Aviary | 3 | |
| Blacksmith | 1 | |
| Barracks | 1 | |
70 total
» build order
00:08 Altar of Kings
00:21 Farm
00:38 Arcane Vault
00:54 Scout Tower
01:09 Farm
01:41 Arcane Tower
01:45 Lumber Mill
01:54 Farm
01:58 Lumber Mill
02:05 Arcane Vault
03:01 Scout Tower
03:02 Scout Tower
03:03 Scout Tower
03:04 Scout Tower
04:59 Guard Tower
06:01 Town Hall
06:03 Scout Tower
06:03 Scout Tower
06:05 Scout Tower
06:05 Scout Tower
06:06 Scout Tower
06:08 Scout Tower
06:08 Scout Tower
06:39 Guard Tower
06:41 Guard Tower
07:08 Guard Tower
07:38 Scout Tower
07:38 Scout Tower
07:42 Scout Tower
07:42 Scout Tower
07:42 Scout Tower
07:53 Keep
08:05 Guard Tower
08:18 Lumber Mill
08:38 Guard Tower
08:55 Scout Tower
08:56 Scout Tower
09:09 Scout Tower
09:10 Scout Tower
09:12 Guard Tower
09:30 Guard Tower
09:36 Guard Tower
10:03 Guard Tower
10:16 Castle
10:35 Gryphon Aviary
10:39 Gryphon Aviary
11:56 Blacksmith
12:30 Gryphon Aviary
13:41 Farm
14:41 Farm
14:43 Farm
15:47 Farm
15:57 Farm
15:58 Farm
15:58 Farm
16:50 Farm
16:50 Farm
16:50 Farm
22:55 Barracks
25:59 Town Hall
32:09 Town Hall
32:10 Scout Tower
32:12 Scout Tower
32:12 Scout Tower
32:13 Scout Tower
32:14 Scout Tower
33:09 Guard Tower
35:05 Guard Tower
36:29 Town Hall
» items
| Lesser Clarity Potion | 3 | |
| Mechanical Critter | 3 | |
| Staff of Teleportation | 1 | |
| Potion of Lesser Invulnerability | 1 | |
| Potion of Invisibility | 1 | |
| Scroll of Healing | 1 | |
| Orb of Corruption | 1 | |
| Scroll of Town Portal | 5 | |
| Potion of Mana | 1 | |
| Scroll of Regeneration | 1 | |
18 total
macooo (
orange | 26 APM | 1154 actions | 44:01)
5 Death Knight
3 Death Coil
2 Unholy Aura
» actions
| Basic commands | 18 | |
| Build / train | 52 | |
| Enter build submenu | 32 | |
| Enter hero's abilities submenu | 6 | |
| Remove unit from queue | 2 | |
| Right click | 556 | |
| Select / deselect | 438 | |
| Use ability | 49 | |
1154 total
» units
| Acolyte | 5 | |
| Ghoul | 4 | |
| Crypt Fiend | 15 | |
| Obsidian Statue | 2 | |
| Frost Wyrm | 7 | |
33 total
» upgrades
| Creature Attack | 1 | |
| Web | 1 | |
| Creature Carapace | 1 | |
| Freezing Breath | 1 | |
| Ghoul Frenzy | 1 | |
5 total
» buildings
| Ziggurat | 11 | |
| Altar of Darkness | 1 | |
| Crypt | 1 | |
| Graveyard | 2 | |
| Nerubian Tower | 1 | |
| Tomb of Relics | 1 | |
| Halls of the Dead | 1 | |
| Sacrificial Pit | 1 | |
| Spirit Tower | 3 | |
| Black Citadel | 1 | |
| Slaughterhouse | 1 | |
| Boneyard | 2 | |
| Necropolis | 1 | |
27 total
» build order
00:09 Ziggurat
00:13 Altar of Darkness
00:18 Crypt
01:32 Graveyard
01:53 Nerubian Tower
02:08 Ziggurat
02:23 Tomb of Relics
03:13 Halls of the Dead
04:18 Ziggurat
05:12 Ziggurat
05:47 Sacrificial Pit
07:21 Spirit Tower
07:22 Spirit Tower
07:28 Ziggurat
08:21 Black Citadel
08:27 Spirit Tower
09:21 Slaughterhouse
10:46 Boneyard
11:16 Boneyard
11:42 Ziggurat
12:35 Ziggurat
13:03 Ziggurat
14:02 Ziggurat
14:21 Graveyard
34:04 Ziggurat
34:10 Necropolis
34:19 Ziggurat
» items

»
PewPewDead (
green | 21 APM | 912 actions | 42:34)
6 Archmage
2 Blizzard
2 Summon Water Elemental
1 Brilliance Aura
1 Mass Teleport
» actions
| Assign group hotkey | 29 | |
| Basic commands | 46 | |
| Build / train | 71 | |
| Enter build submenu | 27 | |
| Enter hero's abilities submenu | 6 | |
| Right click | 318 | |
| Select / deselect | 319 | |
| Select group hotkey | 45 | |
| Use ability | 51 | |
912 total
» units
| Peasant | 6 | |
| Footman | 5 | |
| Rifleman | 5 | |
| Knight | 12 | |
| Priest | 12 | |
40 total
» upgrades
| Defend | 1 | |
| Animal War Training | 1 | |
| Swords | 2 | |
| Plating | 2 | |
| Priest Training | 2 | |
| Masonry | 3 | |
| Lumber Harvesting | 1 | |
12 total
» buildings
| Farm | 11 | |
| Barracks | 2 | |
| Altar of Kings | 1 | |
| Lumber Mill | 1 | |
| Blacksmith | 1 | |
| Keep | 1 | |
| Castle | 1 | |
| Arcane Sanctum | 1 | |
| Scout Tower | 12 | |
| Guard Tower | 10 | |
| Town Hall | 3 | |
44 total
» build order
00:29 Farm
00:33 Farm
00:55 Barracks
01:11 Altar of Kings
02:07 Lumber Mill
02:17 Blacksmith
02:33 Farm
02:43 Farm
03:56 Keep
04:05 Farm
08:40 Castle
11:46 Barracks
12:15 Arcane Sanctum
13:45 Farm
13:54 Scout Tower
13:56 Scout Tower
13:57 Scout Tower
13:58 Scout Tower
14:02 Scout Tower
14:03 Scout Tower
14:04 Scout Tower
14:59 Farm
15:14 Farm
16:01 Guard Tower
16:18 Guard Tower
16:51 Guard Tower
17:14 Farm
17:24 Farm
17:26 Guard Tower
18:21 Scout Tower
18:25 Scout Tower
18:27 Scout Tower
18:31 Scout Tower
19:08 Guard Tower
19:08 Guard Tower
19:32 Guard Tower
19:34 Guard Tower
19:56 Guard Tower
21:11 Scout Tower
21:46 Guard Tower
21:55 Farm
25:40 Town Hall
26:28 Town Hall
32:52 Town Hall
team 2 (loser)

»
evilspitfire (
purple | 20 APM | 654 actions | 32:19)
5 Priestess of the Moon
3 Searing Arrows
2 Trueshot Aura
6 Demon Hunter
3 Immolation
2 Evasion
1 Metamorphosis
» actions
| Build / train | 73 | |
| Enter build submenu | 20 | |
| Enter hero's abilities submenu | 11 | |
| Right click | 330 | |
| Select / deselect | 185 | |
| Use ability | 35 | |
654 total
» units
» upgrades
| Abolish Magic | 1 | |
| Strength of the Wild | 3 | |
| Reinforced Hides | 3 | |
| Corrosive Breath | 1 | |
| Well Spring | 1 | |
9 total
» buildings
| Tree of Ages | 1 | |
| Moon Well | 9 | |
| Altar of Elders | 1 | |
| Hunter's Hall | 1 | |
| Ancient of Lore | 1 | |
| Tree of Eternity | 1 | |
| Ancient of Wind | 1 | |
| Chimaera Roost | 2 | |
| Tree of Life | 2 | |
19 total
» build order
01:20 Tree of Ages
01:36 Moon Well
01:44 Altar of Elders
02:35 Moon Well
02:55 Hunter's Hall
04:27 Ancient of Lore
04:39 Moon Well
05:19 Tree of Eternity
05:32 Moon Well
06:35 Ancient of Wind
07:43 Chimaera Roost
07:54 Moon Well
08:48 Chimaera Roost
09:49 Moon Well
11:41 Moon Well
12:42 Moon Well
13:45 Moon Well
21:35 Tree of Life
26:51 Tree of Life

»
PTV (
blue | 45 APM | 1451 actions | 32:28)
5 Keeper of the Grove
3 Entangling Roots
1 Force of Nature
1 Thorns Aura
4 Priestess of the Moon
2 Trueshot Aura
2 Searing Arrows
» actions
| Build / train | 68 | |
| Enter build submenu | 25 | |
| Enter hero's abilities submenu | 10 | |
| Remove unit from queue | 4 | |
| Right click | 892 | |
| Select / deselect | 407 | |
| Use ability | 45 | |
1451 total
» units
| Wisp | 13 | |
| Archer | 10 | |
| Huntress | 2 | |
| Hippogryph | 18 | |
43 total
» upgrades
| Moon Armor | 3 | |
| Strength of the Moon | 2 | |
| Improved Bows | 1 | |
| Hippogryph Taming | 1 | |
| Marksmanship | 1 | |
8 total
» buildings
| Altar of Elders | 1 | |
| Moon Well | 9 | |
| Ancient of War | 2 | |
| Hunter's Hall | 1 | |
| Ancient Protector | 2 | |
| Tree of Ages | 1 | |
| Ancient of Wind | 2 | |
| Tree of Eternity | 1 | |
| Tree of Life | 2 | |
21 total
» build order
01:47 Altar of Elders
02:00 Moon Well
02:17 Ancient of War
02:55 Moon Well
02:59 Ancient of War
03:36 Hunter's Hall
03:55 Moon Well
04:27 Moon Well
04:52 Ancient Protector
05:31 Moon Well
06:15 Tree of Ages
06:56 Moon Well
07:14 Ancient Protector
08:39 Ancient of Wind
08:53 Ancient of Wind
09:03 Moon Well
09:16 Tree of Eternity
17:32 Moon Well
17:51 Moon Well
22:50 Tree of Life
25:10 Tree of Life

»
elfethebest (
red | 35 APM | 1540 actions | 44:00)
6 Tauren Chieftain
2 Shockwave
3 Endurance Aura
1 Reincarnation
4 Shadow Hunter
2 Healing Wave
2 Hex
» actions
| Basic commands | 7 | |
| Build / train | 64 | |
| Enter build submenu | 21 | |
| Enter hero's abilities submenu | 11 | |
| Right click | 965 | |
| Select / deselect | 388 | |
| Use ability | 84 | |
1540 total
» units
| Peon | 16 | |
| Grunt | 7 | |
| Tauren | 9 | |
| Demolisher | 4 | |
36 total
» upgrades
| Melee Weapons | 3 | |
| Armor | 3 | |
| Berserker Strength | 1 | |
| Pulverize | 1 | |
| Burning Oil | 1 | |
| Ranged Weapons | 1 | |
10 total
» buildings
| Altar of Storms | 1 | |
| Orc Burrow | 10 | |
| Barracks | 1 | |
| Stronghold | 1 | |
| War Mill | 1 | |
| Voodoo Lounge | 1 | |
| Fortress | 1 | |
| Tauren Totem | 2 | |
| Great Hall | 1 | |
19 total
» build order
01:14 Altar of Storms
01:31 Orc Burrow
03:02 Barracks
03:07 Orc Burrow
03:47 Stronghold
04:08 War Mill
04:27 Voodoo Lounge
04:36 Orc Burrow
05:32 Orc Burrow
05:49 Orc Burrow
06:50 Orc Burrow
07:48 Orc Burrow
09:03 Fortress
09:06 Orc Burrow
10:51 Orc Burrow
11:47 Tauren Totem
11:55 Tauren Totem
12:25 Orc Burrow
14:35 Great Hall
» items
| Healing Salve | 2 | |
| Periapt of Vitality | 1 | |
| Potion of Mana | 1 | |
4 total

»
americanaredumb (
yellow | 35 APM | 1250 actions | 35:33)
6 Demon Hunter
3 Evasion
1 Immolation
1 Mana Burn
1 Metamorphosis
1 Keeper of the Grove
1 Thorns Aura
» actions
| Assign group hotkey | 18 | |
| Basic commands | 3 | |
| Build / train | 68 | |
| Enter build submenu | 19 | |
| Enter hero's abilities submenu | 7 | |
| Give item / drop item | 11 | |
| Right click | 443 | |
| Select / deselect | 347 | |
| Select group hotkey | 244 | |
| Use ability | 90 | |
1250 total
» units
| Wisp | 18 | |
| Archer | 6 | |
| Huntress | 5 | |
| Giant Sea Turtle | 3 | |
| Druid of the Claw | 2 | |
| Mountain Giant | 2 | |
| Makrura Snapper | 1 | |
| Mur'gul Snarecaster | 1 | |
| Makrura Deepseer | 1 | |
39 total
» upgrades
| Ultravision | 1 | |
| Moon Armor | 1 | |
| Improved Bows | 1 | |
| Sentinel | 1 | |
| Druid of the Claw Training | 2 | |
| Abolish Magic | 1 | |
| Reinforced Hides | 1 | |
| Well Spring | 1 | |
| Mark of the Claw | 1 | |
| Hardened Skin | 1 | |
| Strength of the Wild | 1 | |
| Marksmanship | 1 | |
| Upgrade Moon Glaive | 1 | |
| Resistant Skin | 1 | |
15 total
» buildings
| Moon Well | 9 | |
| Altar of Elders | 1 | |
| Ancient of War | 1 | |
| Hunter's Hall | 1 | |
| Ancient of Wonders | 1 | |
| Tree of Ages | 1 | |
| Tree of Eternity | 1 | |
| Ancient of Lore | 2 | |
| Tree of Life | 1 | |
18 total
» build order
01:16 Moon Well
01:22 Altar of Elders
01:54 Ancient of War
02:48 Hunter's Hall
02:59 Moon Well
03:45 Moon Well
04:11 Ancient of Wonders
05:38 Tree of Ages
06:47 Moon Well
07:08 Moon Well
08:35 Tree of Eternity
09:09 Ancient of Lore
09:34 Moon Well
09:38 Ancient of Lore
10:57 Moon Well
19:37 Tree of Life
29:33 Moon Well
29:37 Moon Well
» items
| Boots of Speed | 2 | |
| Periapt of Vitality | 1 | |
| Orb of Lightning | 1 | |
4 total
Chat log
(00:48 / Allies) macooo: units? plan?
(01:05 / Allies) NoobMode.xo: mass jews.
(01:17 / Allies) rod-is-horible: fast expo here
(02:00 / Allies) NoobMode.xo: purp usually goes air btw
(03:34 / Allies) rod-is-horible: watch a pro fast expo these creeps
(03:41 / Allies) NoobMode.xo: w a hero
(03:42 / Allies) NoobMode.xo: i feel u
(04:44 / Allies) NoobMode.xo: nice son
(04:54 / Allies) NoobMode.xo: wtf u doing?
(05:03 / Allies) rod-is-horible: creeping it lawl
(05:09 / Allies) rod-is-horible: watch
(05:10 / Allies) NoobMode.xo: very pro of u
(05:19 / Allies) rod-is-horible: levle ten creep is out of the way
(05:35 / Allies) NoobMode.xo: lol
(05:37 / Allies) NoobMode.xo: wtf
(05:43 / Allies) NoobMode.xo: thats actually preety smart
(05:55 / Allies) rod-is-horible: protect my expo gentlemen?
(05:57 / Allies) rod-is-horible: !
(05:57 / Allies) macooo: yup
(06:21 / Allies) rod-is-horible: the big creep is humping the smaller one
(06:27 / Allies) rod-is-horible: looks funny at 8x speed
(06:28 / Allies) NoobMode.xo: i want one
(06:31 / Allies) NoobMode.xo: make me 1 pro
(06:55 / Allies) rod-is-horible: i dont have it down perfectly my heor usually dies
(07:03 / Allies) NoobMode.xo: true
(07:10 / Allies) rod-is-horible: wood
(07:15 / Allies) NoobMode.xo: why are they stuck anyways
(07:26 / Allies) rod-is-horible: how u mean?
(07:28 / Allies) rod-is-horible: critters
(07:48 / All) NoobMode.xo: wow.
(08:06 / Allies) rod-is-horible: wood dammit
(09:53 / Allies) PewPewDead: WTF
(10:00 / Allies) PewPewDead: u asshold
(10:03 / Allies) PewPewDead: im tking u
(10:04 / Allies) NoobMode.xo: lol
(10:22 / Allies) rod-is-horible: kill green
(10:35 / Allies) NoobMode.xo: why the fuck r u bitches fighting?
(10:39 / Allies) macooo: omg
(10:46 / Allies) NoobMode.xo: jews and gpyties
(10:48 / Allies) PewPewDead: he stole an item from a creep i killed
(10:52 / Allies) rod-is-horible: u wan ti tem back green?
(10:57 / Allies) PewPewDead: yes
(10:58 / Allies) NoobMode.xo: so what
(11:00 / Allies) rod-is-horible: ok
(11:01 / Allies) rod-is-horible: here is the item
(11:16 / Allies) NoobMode.xo: such a bitch jesus
(11:16 / Allies) PewPewDead: thanks asshole
(11:21 / Allies) NoobMode.xo: teal gimme some gold
(11:25 / Allies) NoobMode.xo: please
(11:34 / Allies) NoobMode.xo: ty
(11:38 / Allies) macooo: thx
(13:18 / Allies) NoobMode.xo: we need to stop them'
(14:22 / Allies) macooo: ty
(15:08 / Allies) NoobMode.xo: lol
(16:05 / Allies) macooo: tp
(16:13 / Allies) macooo: dam
(16:20 / Allies) rod-is-horible: leave it pink
(16:26 / Allies) macooo: ya
(16:29 / Allies) NoobMode.xo: gay
(17:12 / Allies) NoobMode.xo: they tpd on blue
(17:29 / Allies) macooo: gold?
(17:33 / Allies) NoobMode.xo: where
(17:48 / Allies) rod-is-horible: next base
(17:56 / Allies) NoobMode.xo: peons
(18:25 / Allies) macooo: green back
(18:35 / Allies) NoobMode.xo: lets go oj
(18:59 / Allies) NoobMode.xo: teal
(19:08 / Allies) macooo: omg
(19:11 / Allies) rod-is-horible: fight at ur base god dman
(19:12 / Allies) rod-is-horible: idiots
(20:43 / Allies) NoobMode.xo: fuck
(21:23 / Allies) macooo: teal u r awsome
(21:32 / Allies) NoobMode.xo: i hepled son
(21:35 / Allies) macooo: u too
(22:01 / Allies) NoobMode.xo: ur killing ur birds son
(22:20 / Allies) rod-is-horible: come
(22:36 / Allies) NoobMode.xo: stop followin me oj
(22:40 / Allies) macooo: ok
(23:05 / Allies) rod-is-horible: come fools
(23:10 / Allies) NoobMode.xo: comin homie
(23:51 / Allies) NoobMode.xo: the back
(25:05 / Allies) rod-is-horible: THE DRYADS
(25:05 / Allies) rod-is-horible: WOW
(25:17 / Allies) NoobMode.xo: i was killin the air
(26:49 / Allies) rod-is-horible: come
(27:41 / Allies) rod-is-horible: u guys are completley useless lawl
(27:43 / Allies) NoobMode.xo: peons homie
(27:51 / Allies) NoobMode.xo: well i got no base son
(28:50 / Allies) NoobMode.xo: purp is comin 2 u son
(29:38 / Allies) NoobMode.xo: fight
(30:32 / Allies) NoobMode.xo: owned
(30:33 / All) NoobMode.xo: don
(30:35 / Allies) macooo: pink
(30:41 / Allies) macooo: ty
(30:54 / All) NoobMode.xo: duh
(31:00 / All) NoobMode.xo: the none mana version is clearly not the illusion
(31:23 / Allies) NoobMode.xo: oj get that
(31:27 / Allies) NoobMode.xo: or green someone
(31:57 / Allies) PewPewDead: lets fucking go
(32:05 / Allies) PewPewDead: ty
(32:07 / Allies) NoobMode.xo: altar
(32:15 / Allies) NoobMode.xo: altar
(32:23 / Allies) NoobMode.xo: then hall
(32:25 / All) rod-is-horible: i totally raped this game
(32:26 / Allies) PewPewDead: main
(32:32 / All) NoobMode.xo: yep
(32:38 / All) rod-is-horible: red or blue u here?
(32:43 / All) NoobMode.xo: they trippin
(32:44 / All) rod-is-horible: red or yellow i mean
(32:49 / All) rod-is-horible: red or yellow u here?
(33:00 / All) rod-is-horible: red or yellow if u whisper me i will make u an offer
(33:03 / All) rod-is-horible: talk to me
(33:16 / All) americanaredumb: shut up
(33:20 / Allies) NoobMode.xo: lol
(33:32 / All) NoobMode.xo: game is over son...
(33:38 / All) rod-is-horible: its not
(34:24 / Allies) PewPewDead: ...
(34:26 / Allies) PewPewDead: tk
(34:27 / All) NoobMode.xo: wtf
(34:34 / All) NoobMode.xo: teal..
(34:36 / All) rod-is-horible: im helping u guys
(34:38 / All) rod-is-horible: lawl
(34:47 / All) NoobMode.xo: stop man come on.
(34:48 / All) NoobMode.xo: fck
(35:16 / All) NoobMode.xo: ...
(35:38 / All) rod-is-horible: red
(35:39 / All) rod-is-horible: u here?
(36:03 / All) elfethebest: NO
(36:06 / All) rod-is-horible: yes
(36:11 / All) rod-is-horible: i will help u red
(36:44 / All) NoobMode.xo: i dont got a base teal
(37:01 / All) NoobMode.xo: wtf son
(37:09 / All) rod-is-horible: ill kill pink heor
(37:38 / All) rod-is-horible: save yelllows hero red
(37:41 / All) NoobMode.xo: oj heal my hero
(37:56 / All) rod-is-horible: tp
(38:00 / All) NoobMode.xo: oj
(38:01 / All) NoobMode.xo: fuckl
(38:05 / All) NoobMode.xo: great
(38:15 / All) rod-is-horible: good job red
(38:21 / All) rod-is-horible: do u need gold to rebuild?
(39:00 / Allies) macooo: afk
(39:12 / All) NoobMode.xo: why the fuck u play?
(39:23 / All) rod-is-horible: lawl
(39:25 / All) rod-is-horible: i like red
(39:29 / All) rod-is-horible: i dont like u
(39:43 / All) elfethebest: REALLY
(39:47 / All) rod-is-horible: yes i like u red
(39:50 / All) rod-is-horible: u get the win : )
(40:27 / All) rod-is-horible: i kill my base now red
(41:37 / All) rod-is-horible: here free items red
(42:02 / All) rod-is-horible: legion doom item
(42:38 / All) rod-is-horible: kill my base tp left